 Dungeon Crawl Stone Soup version 0.31-a0-971-g75a2e9a4b4 (webtiles) character file.

Game seed: 16386476681023226626

296 zenocrate the Sneak (level 6, 0/33 HPs)
             Began as a Kobold Enchanter on Oct 28, 2023.
             Slain by an orc
             ... wielding a +0 dagger
              (3 damage)
             ... on level 4 of the Dungeon.
             The game lasted 00:03:13 (3145 turns).

zenocrate the Sneak (Kobold Enchanter)              Turns: 3145, Time: 00:03:14

Health: 0/33       AC:  4    Str:  5    XL:     6   Next: 62%
Magic:  10/10      EV: 15    Int: 17    God:
Gold:   149        SH:  0    Dex: 15    Spells: 0/11 levels left

rFire   . . .        a - +1 dagger
rCold   . . .        (no shield)
rNeg    . . .        b - +0 robe
rPois   .            (no helmet)
rElec   .            (no cloak)
rCorr   .            t - +1 pair of gloves
SInv    .            (no boots)
Will    .....        (no amulet)
Stlth   ++++         (no ring)
HPRegen 0.25/turn    (no ring)
MPRegen 0.12/turn

%: no passive effects
@: attractive, invisible
A: small, no large weapons, nightstalker 3, clumsy 1
a: no special abilities


You were on level 4 of the Dungeon.
You visited 1 branch of the dungeon, and saw 4 of its levels.

You collected 149 gold pieces.

Inventory:

Hand Weapons
 a - a +1 dagger (weapon)
Missiles
 p - 4 poisoned darts (quivered)
Armour
 b - a +0 robe (worn)
 t - a +1 pair of gloves (worn)
Wands
 n - a wand of digging (7)
Scrolls
 f - a scroll of enchant weapon {unknown}
 g - 2 scrolls of teleportation {unknown}
 i - 4 scrolls of vulnerability
 j - a scroll of revelation {unknown}
 l - a scroll of immolation {unknown}
 m - a scroll of identify {unknown}
 q - a scroll of poison {unknown}
 r - 2 scrolls of amnesia {unknown}
Potions
 c - a potion of invisibility
 d - 3 potions of attraction
 e - 3 potions of mutation
 h - a potion of enlightenment {unknown}
 k - a potion of lignification {unknown}
 o - a potion of curing {unknown}
 s - a potion of heal wounds {unknown}


   Skills:
 + Level 0.9 Fighting
 + Level 4.0 Short Blades
 - Level 2.4 Dodging
 + Level 5.8 Stealth
 - Level 3.0 Spellcasting
 + Level 4.1 Hexes
 + Level 2.3 Ice Magic


You couldn't memorise any spells.
You knew the following spells:

 Your Spells              Type           Power      Damage    Failure   Level
a - Ensorcelled Hibernat  Hex/Ice        26%        N/A       7%          2
b - Confusing Touch       Hex            16%        N/A       10%         3
c - Tukima's Dance        Hex            16%        N/A       10%         3
d - Dazzling Flash        Conj/Hex       18%        N/A       22%         3

Your spell library contained the following spells:

 Spells                   Type           Power      Damage    Failure   Level
 Jinxbite                 Hex            32%        N/A       4%          2
 Apportation              Tloc           4%         N/A       17%         1
 Summon Mana Viper        Hex/Summ       9%         N/A       91%         5
 Alistair's Intoxication  Tmut/Pois      1%         N/A       99%         5
 Summon Forest            Summ/Tloc      1%         N/A       99%         5
 Summon Cactus Giant      Summ           1%         N/A       100%        6


Dungeon Overview and Level Annotations

Branches:
Dungeon (4/15)
 Temple: D:4-7

Altars:
Makhleb

Shops:
D:1 [   D:2 :   D:3 (


Innate Abilities, Weirdness & Mutations

You are small and have problems with some larger weapons.
You are completely attuned to the shadows.
You are clumsy. (Dex -2)


Message History

The orc hits you with a +0 whip. The orc is attracted toward you.
You barely miss the orc. The orc misses you.
You barely miss the orc.
The orc is almost dead.
The endoplasm closely misses you. The orc hits you with a +0 mace.
The orc hits the orc with a +0 flail.
The orc dies!
The orc wizard points at you and mumbles some strange words.
The orc resists with significant effort.
The orc misses you. The orc is attracted toward you.
The kobold is attracted toward you. The orc wizard is attracted toward you.
You hit the orc.
The orc is moderately wounded.
The endoplasm freezes you. The orc hits you but does no damage.
The orc completely misses you. The orc barely misses you.
The orc closely misses you.
You catch the helpless orc completely off-guard!
You impale the orc!!
You kill the orc!
The endoplasm freezes you.
The orc barely misses you. x2; The orc completely misses you.
Unknown command.
You closely miss the orc. The endoplasm hits you. The kobold misses you.
The orc hits you with a +0 dagger. The orc misses you.
The orc wizard is attracted toward you.
You hit the kobold.
You kill the kobold!
Unknown command.
You hit the orc but do no damage. The endoplasm freezes you.
The orc hits you with a +0 dagger.
* * * LOW HITPOINT WARNING * * *
The orc closely misses you. The orc misses you.
The orc wizard is attracted toward you.
Unknown command.
You hit the orc but do no damage. The endoplasm freezes you.
* * * LOW HITPOINT WARNING * * *
The orc hits you with a +0 dagger.
You die...

########
###...)..#
##..........
#...........
..##...........
#..##...o@o....
#..#†..Joo....
#..#..........
#.......§§...
##..........#
#..<......##
##..... #...
..K


You could see an orc wizard (unable to see you), 3 orcs and an endoplasm.

Vanquished Creatures
  Sigmund (D:2)
  An orc priest (D:3)
  Natasha (D:4)
  2 adders (D:2)
  A worm (D:3)
  A dart slug (D:3)
  6 orcs
  5 bats
  2 endoplasms (D:1)
  2 giant cockroaches
  6 goblins
  6 hobgoblins
  2 jackals (D:3)
  3 kobolds
  2 quokkas
  6 ball pythons
  4 frilled lizards
  5 rats
56 creatures vanquished.

Vanquished Creatures (others)
  An orc (D:4)
1 creature vanquished.

Grand Total: 57 creatures vanquished

Notes
Turn   | Place    | Note
-------+----------+-------------------------------------------
     0 | D:1      | zenocrate the Kobold Enchanter began the quest for the Orb.
     0 | D:1      | Reached XP level 1. HP: 10/10 MP: 3/3
   174 | D:1      | Reached XP level 2. HP: 15/15 MP: 5/5
   177 | D:1      | Learned a level 2 spell: Ensorcelled Hibernation
   344 | D:1      | Found a faded altar of an unknown god.
   831 | D:1      | Found Kulih's Antique Armour Boutique.
  1057 | D:2      | Reached XP level 3. HP: 19/19 MP: 6/6
  1061 | D:2      | Learned a level 3 spell: Confusing Touch
  1288 | D:2      | Found Kidd's Book Shoppe.
  1512 | D:2      | Noticed Sigmund
  1519 | D:2      | Killed Sigmund
  1520 | D:2      | Reached skill level 5 in Stealth
  1520 | D:2      | Reached skill level 1 in Ice Magic
  1520 | D:2      | Reached XP level 4. HP: 5/24 MP: 0/8
  1520 | D:2      | Reached XP level 5. HP: 5/28 MP: 0/9
  1520 | D:2      | Reached XP level 6. HP: 6/32 MP: 0/10
  2068 | D:2      | Learned a level 3 spell: Tukima's Dance
  2083 | D:3      | Found Yggeo's Weapon Shoppe.
  2471 | D:3      | Found a burning altar of Makhleb.
  2636 | D:3      | Learned a level 3 spell: Dazzling Flash
  3112 | D:4      | Noticed Natasha
  3115 | D:4      | Killed Natasha
  3136 | D:4      | Gained mutation: You are clumsy. (Dex -2) [potion of
                  | mutation]
  3145 | D:4      | Slain by an orc

Illustrated notes

Levels and vault maps discovered:
D:1:      psy_arrival_conway, layout_loops_ring, basic_ecumenical_altar,
          serial_shops, shop, chequers_jeans
D:2:      layout_loops_ring, serial_shops, shop, fountainhead, uniq_sigmund
D:3:      layout_basic, bloody_makhleb, serial_shops,
          nicolae_shop_hallway_stairs
D:4:      layout_cave_pods, amcnicky_altar_gilded, uniq_natasha, uniq_robin,
          uniq_duvessa

Skill      XL: |  1  2  3  4  5  6 |
---------------+-------------------+-----
Short Blades   | 2 3 4 |  4.0
Stealth        | 5 |  5.8
Spellcasting   | 3 |  3.0
Ice Magic      | 1 2 |  2.3
Hexes          | 4 |  4.1
Fighting       | |  0.9
Dodging        | |  2.4

Action                     |  1- 3 |  4- 6 || total
---------------------------+-------+-------++-------
  Melee: Dagger            |    73 |    71 ||   144
         Punch             |       |     2 ||     2
   Cast: Ensorcelled Hiber |     6 |    16 ||    22
    Use: Potion            |       |     3 ||     3
         Scroll            |       |     1 ||     1
   Stab: Sleeping          |    19 |    20 ||    39
         Invisible         |       |     1 ||     1
 Armour: Robe              |    20 |    31 ||    51
  Dodge: Dodged            |    43 |    67 ||   110

Table legend: (Time is in decaauts)
 A = Elapsed time spent in this place.
 B = Non-inter-level travel time spent in this place.
 C = Inter-level travel time spent in this place.
 D = Time resting spent in this place.
 E = Time spent auto-exploring this place.
 F = Levels seen in this place.
 G = Mean time per level.
                   A        B        C        D        E       F      G
               +--------+--------+--------+--------+--------+-----+--------+
         Total |   3128 |   3022 |    106 |      0 |   2577 |   4 |  782.0 |
       Dungeon |   3128 |   3022 |    106 |      0 |   2577 |   4 |  782.0 |
               +--------+--------+--------+--------+--------+-----+--------+

Top non-repeatable levels by time:
     D:1: 1045 daAuts
     D:2: 1033 daAuts
     D:3: 1020 daAuts
     D:4: 30 daAuts
